 Dungeon Crawl Stone Soup version 0.30.0-19-g36f170ea60 (webtiles) character file.

Game seed: 12574942533372824213

119154 AlmostDecent the Thaumaturge (level 16, -5/126 HPs)
             Began as a Gnoll Ice Elementalist on May 29, 2023.
             Was the Champion of Vehumet.
             Killed by an exploding bloated husk (18 damage)
             ... on level 1 of the Swamp on May 30, 2023.
             The game lasted 02:54:47 (28974 turns).

AlmostDecent the Thaumaturge (GnIE)                Turns: 28974, Time: 02:54:47

Health: -5/126     AC: 16    Str: 12    XL:     16   Next: 78%
Magic:  20/32      EV: 22    Int: 30    God:    Vehumet [******]
Gold:   447        SH: 10    Dex: 25    Spells: 3/40 levels left

rFire   + . .        b - +8 trishula "Condemnation" {holy, anguish, *Noise Fly rN+}
rCold   . . .        T - +2 buckler {reflect}
rNeg    + + .        E - +3 leather armour {rPois}
rPois   +            o - +1 helmet
rElec   .            F - +0 cloak
rCorr   .            z - +2 pair of gloves of Death Resistance {rN+ Str-2 Dex+6}
SInv    .            I - +0 pair of boots of the Valley of Death {Dex+6 Stlth-}
Will    +....        v - amulet of Ohisku {-Tele rPois rF+ Regen+ Int+2}
Stlth   ++++         p - +6 ring of intelligence
HPRegen 1.21/turn    M - +6 ring of strength
MPRegen 0.23/turn

%: no teleportation, reflection
@: marked, flying, studying Armour
A: fangs 1, strong nose, distributed training
a: Renounce Religion


You were on level 1 of the Swamp.
You worshipped Vehumet.
Vehumet was exalted by your worship.
You visited 5 branches of the dungeon, and saw 24 of its levels.
You also visited: Bailey and Gauntlet.

You collected 3783 gold pieces.
You spent 3336 gold pieces at shops.

Inventory:

Hand Weapons
 b - the +8 trishula "Condemnation" (weapon) {holy, anguish, *Noise Fly rN+}
   (You found it on level 5 of the Lair of Beasts)

   rN:        It protects you from negative energy.
   Fly:       It grants you flight.
   *Noise:    It may make noises in combat.
 D - a +1 spectral quarterstaff
 L - a +9 vampiric demon trident
Missiles
 n - 4 throwing nets (quivered)
 Z - 6 silver javelins
Armour
 j - the +1 scale mail of the Ward {rN+ rCorr}
   (You bought it in a shop on level 2 of the Orcish Mines)

   rN:        It protects you from negative energy.
   rCorr:     It protects you from acid and corrosion.
 o - a +1 helmet (worn)
 z - the +2 pair of gloves of Death Resistance (worn) {rN+ Str-2 Dex+6}
   (You found it on level 7 of the Dungeon)

   Str:       It affects your strength (-2).
   Dex:       It affects your dexterity (+6).
   rN:        It protects you from negative energy.
 E - a +3 leather armour of poison resistance (worn)
 F - a +0 cloak (worn)
 I - the +0 pair of boots of the Valley of Death (worn) {Dex+6 Stlth-}
   (You found it in a Gauntlet)

   Dex:       It affects your dexterity (+6).
   Stlth:     It makes you less stealthy.
 T - a +2 buckler of reflection (worn)
Magical Staves
 m - a staff of poison
 R - a staff of cold
Jewellery
 p - a +6 ring of intelligence (left hand)
 q - an amulet of regeneration
 v - the amulet of Ohisku (around neck) {-Tele rPois rF+ Regen+ Int+2}
   (You took it off a minotaur in a Gauntlet)

   [amulet of regeneration]

   Int:       It affects your intelligence (+2).
   rF:        It protects you from fire.
   rPois:     It protects you from poison.
   -Tele:     It prevents most forms of teleportation.
   Regen:     It increases your rate of health regeneration.
 x - an amulet of reflection
 M - a +6 ring of strength (right hand)
 P - a ring of willpower
 U - a ring of ice
 Y - a +6 ring of intelligence
Wands
 a - a wand of flame (53)
 l - a wand of light (18)
 K - a wand of digging (2)
 N - a wand of paralysis (11)
 Q - a wand of iceblast (7)
Scrolls
 d - 6 scrolls of amnesia
 e - 3 scrolls of silence
 g - a scroll of brand weapon
 t - 3 scrolls of poison
 y - 2 scrolls of fear
 B - a scroll of enchant weapon
 C - 4 scrolls of teleportation
 G - 3 scrolls of enchant armour
 H - a scroll of blinking
 J - 2 scrolls of fog
 S - 5 scrolls of identify
 W - a scroll of magic mapping
Potions
 c - 5 potions of might
 f - 3 potions of berserk rage
 h - a potion of cancellation
 i - 8 potions of curing
 k - 9 potions of brilliance
 r - 5 potions of flight
 s - a potion of mutation {unknown}
 w - a potion of magic
 A - a potion of resistance
 O - a potion of haste
 X - 2 potions of invisibility
Miscellaneous
 V - a lightning rod (4/4)


   Skills:
 + Level 11.5 Fighting
 + Level 11.5 Short Blades
 + Level 11.5 Long Blades
 + Level 11.5 Axes
 + Level 11.5 Maces & Flails
 + Level 11.5 Polearms
 + Level 11.5 Staves
 + Level 11.5 Ranged Weapons
 + Level 11.5 Throwing
 + Level 11.9 Armour
 + Level 12.4 Dodging
 + Level 12.2 Stealth
 + Level 11.5 Shields
 + Level 11.5 Unarmed Combat
 + Level 12.5 Spellcasting
 + Level 9.7 Conjurations
 + Level 9.7 Hexes
 + Level 9.7 Summonings
 + Level 9.7 Necromancy
 + Level 9.7 Translocations
 + Level 9.7 Transmutations
 + Level 9.7 Fire Magic
 + Level 12.0 Ice Magic
 + Level 9.7 Air Magic
 + Level 9.7 Earth Magic
 + Level 9.7 Poison Magic
 + Level 12.5 Invocations
 + Level 11.5 Evocations


You had 3 spell levels left.
You knew the following spells:

 Your Spells              Type           Power      Damage    Failure   Level
a - Freeze                Ice            100%       1d10      1%          1
b - Frozen Ramparts       Ice            100%       1d16      1%          3
c - Ozocubu's Armour      Ice            74%        N/A       1%          3
d - Summon Ice Beast      Ice/Summ       71%        N/A       1%          4
e - Stone Arrow           Conj/Erth      100%       3d13      1%          3
f - Freezing Cloud        Conj/Ice/Air   35%        6-21      1%          5
g - Irradiate             Conj/Tmut      33%        3d22      1%          5
h - Plasma Beam           Fire/Air       33%        2x1d51    3%          6
i - Olgreb's Toxic Radia  Pois           67%        N/A       1%          4
j - Ignite Poison         Fire/Tmut/Pois 67%        N/A       1%          3

Your spell library contained the following spells:

 Spells                   Type           Power      Damage    Failure   Level
 Ozocubu's Refrigeration  Ice            37%        4d15      7%          7
 Cigotuvi's Dreadful Rot  Necr/Pois/Air  100%       N/A       1%          2
 Dazzling Flash           Conj/Hex       100%       N/A       1%          3
 Hailstorm                Conj/Ice       71%        3d15      1%          3
 Tukima's Dance           Hex            67%        N/A       1%          3
 Vhi's Electric Charge    Tloc/Air       100%       N/A       1%          3
 Volatile Blastmotes      Fire/Tloc      100%       2d18      1%          3
 Animate Armour           Summ/Erth      100%       N/A       1%          4
 Dispel Undead            Necr           67%        3d23      1%          4
 Iskenderun's Mystic Bla  Conj/Tloc      67%        2d14      1%          4
 Leda's Liquefaction      Hex/Erth       33%        N/A       1%          4
 Passage of Golubria      Tloc           67%        N/A       1%          4
 Blade Hands              Tmut           33%        N/A       1%          5
 Fireball                 Conj/Fire      33%        3d14      1%          5
 Iskenderun's Battlesphe  Conj           67%        2d12      1%          5
 Lee's Rapid Deconstruct  Erth           33%        3d17*     1%          5
 Metabolic Englaciation   Hex/Ice        35%        N/A       1%          5
 Silence                  Hex/Air        33%        N/A       1%          5
 Yara's Violent Unravell  Hex/Tmut       33%        3d14      1%          5
 Conjure Ball Lightning   Conj/Air       33%        3x3d11    3%          6
 Starburst                Conj/Fire      33%        6d10      3%          6
 Simulacrum               Ice/Necr       35%        N/A       7%          6
 Death Channel            Necr           33%        N/A       12%         6
 Statue Form              Tmut/Erth      44%        N/A       12%         6
 Summon Cactus Giant      Summ           33%        N/A       12%         6
 Orb of Destruction       Conj           33%        9d10      17%         7
 Dragon Form              Tmut           33%        N/A       54%         7
 Ignition                 Fire           33%        3d10      73%         8
 Lehudib's Crystal Spear  Conj/Erth      33%        10d9      73%         8
 Discord                  Hex            33%        N/A       99%         8


Dungeon Overview and Level Annotations

Branches:
Dungeon (15/15)            Temple (1/1) D:6            Lair (5/5) D:8
  Swamp (1/4) Lair:2       Spider (0/4) Lair:3        Slime (0/5) Lair:4
    Orc (2/2) D:11            Elf (0/3) Orc:2        Vaults (0/5) D:14
 Depths (0/4) D:15         Bailey (visited)         Gauntlet (visited)

Altars:
Ashenzari
Cheibriados
Dithmenos
Elyvilon
Fedhas
Gozag
Hepliaklqana
Kikubaaqudgha
Makhleb
Nemelex Xobeh
Okawaru
Qazlal
Ru
Sif Muna
Trog
Uskayaw
Vehumet
Wu Jian
Xom
Yredelemnul
Zin
The Shining One
Jiyva

Shops:
D:14 ?   D:15 :?:   Orc:1 (   Orc:2 [?:?

Portals:
Pandemonium: Orc:2

Annotations:
D:8 3 runed translucent doors, Wulfey's ghost, novice MiBe


Innate Abilities, Weirdness & Mutations

You have very sharp teeth.
Your uncanny sense of smell can sniff out nearby items.
Your experience applies equally to all skills.


Message History

The will-o-the-wisp gestures.
The will-o-the-wisp conjures some foxfire!
The will-o-the-wisp gestures.
The will-o-the-wisp conjures some foxfire! 4 foxfires come into view.
You feel much better.
The alligator is no longer moving slowly.
The foxfire hits you! You resist.
* * * LOW HITPOINT WARNING * * *
The foxfire is engulfed in freezing vapours.
The foxfire hits you. You resist.
* * * LOW HITPOINT WARNING * * *
The foxfire is engulfed in freezing vapours.
The foxfire hits you. You resist.
* * * LOW HITPOINT WARNING * * *
The foxfire hits you. You resist.
* * * LOW HITPOINT WARNING * * *
A swamp dragon comes into view.
The will-o-the-wisp barely misses you.
The will-o-the-wisp gestures.
The will-o-the-wisp conjures some foxfire!
The alligator is engulfed in freezing vapours.
The alligator seems to slow down.
The foxfire moves out of view.
A foxfire comes into view.
The foxfire is engulfed in freezing vapours. x2
Keep disrobing?
The foxfire hits you. You resist.
* * * LOW HITPOINT WARNING * * *
You block the will-o-the-wisp's attack.
The will-o-the-wisp gestures.
The will-o-the-wisp conjures some foxfire!
You start removing your amulet.
You continue taking off the amulet of Ohisku {-Tele rPois rF+ Regen+ Int+2}.
The foxfire is engulfed in freezing vapours.
The foxfire hits you! You resist.
* * * LOW HITPOINT WARNING * * *
The bloated husk explodes!
The blast of putrescent gases engulfs the foxfire!!
The blast of putrescent gases engulfs you!!
You die...

♣.....~.♣♣♣♣°.~.~~♣
♣....~..D♣♣~...~♣♣
♣.~~..~~t~♣♣..<..♣
~~~~>.~~.♣♣§D.~§~♣
.~...~~v§§☼..§§♣♣
♣~.~§w♣v.§§§~♣♣
♣.v.§§.~..~§~♣
♣♣♣...§§§.......♣
♣~.~@§§.§i.~~~...
♣♣.~v~☼.§......~~.
♣.~~~~..~~.....~
♣.~~~~?~~~...~.~
♣~.~§~~.~.~...~..
♣§.~~~§~~~~~.~~~.
...~§~~~~~....~
...~~~~.~~.~.


You could see an alligator (fleeing, very poisoned, slow), a six-headed hydra
(fleeing, slow), a swamp dragon, 2 will-o-the-wisps, a swamp worm and a
spriggan.

Vanquished Creatures
  Rupert (D:15)
  Jorgrun (D:14)
  Frances (D:14)
  Agnes (D:14)
  Kirke (Lair:3)
  The ghost of Gadrel the Severer, a journeyman DrDe of the Shining One (Lair:5)
  An ironbound preserver (D:14)
  2 eleionomae (Swamp:1)
  A minotaur (Gauntlet)
  Snorg (Lair:5)
  A fire dragon (Lair:5)
  An ice dragon (Lair:5)
  8 hydras
  2 ghost crabs (Lair:2)
  Harold (D:10)
  An ogre mage (D:15)
  A demonspawn (Orc:2)
  2 boulder beetles
  8 two-headed ogres
  A catoblepas (D:15)
  4 centaur warriors
  A death knight (D:14)
  10 death yaks
  A tengu warrior (D:14)
  6 orc high priests (Orc:2)
  Urug (Lair:5)
  A sun demon (Orc:2)
  Amaemon (D:8)
  A skyshark (Lair:3)
  9 skeletal warriors
  A fire crab (shapeshifter) (D:13)
  A goliath frog (Swamp:1)
  2 lindwurms
  2 swamp dragons
  2 orc knights (Orc:2)
  A wizard (D:15)
  Pikel (D:6)
  A necromancer (D:15)
  5 cyclopes
  17 ugly things
  2 manticores (D:12)
  7 orc sorcerers
  3 elephants
  Joseph (D:8)
  A naga mage (D:15)
  Maurice (D:8)
  A black mamba (shapeshifter) (D:14)
  4 torpor snails (Lair:5)
  7 black mambas
  10 cane toads
  2 gargoyles
  A kobold demonologist (D:12)
  An orange demon (D:8)
  2 minotaur zombies (Gauntlet)
  A centaur skeleton (D:15)
  An efreet (D:15)
  2 rime drakes
  7 komodo dragons
  2 tengu conjurers (D:14)
  A freezing wraith (D:14)
  6 tyrant leeches
  3 trolls
  A polar bear (Lair:2)
  4 dream sheep (Lair:5)
  A spectral dream sheep (Lair:2)
  A wolf spider simulacrum (D:15)
  13 hornets
  14 blink frogs
  A meliai zombie (D:15)
  A spectral elephant (Lair:2)
  A dream sheep (shapeshifter) (D:14)
  7 slime creatures
  A centaur simulacrum (D:15)
  4 culicivoras (Lair:3)
  2 shadows
  6 wyverns
  A wraith (D:13)
  4 fire bats (Gauntlet)
  5 basilisks
  33 yaks
  10 vampire mosquitoes
  6 steam dragons
  A chaos spawn (Orc:2)
  2 hogs (Lair:3)
  A warg (Orc:1)
  4 swamp worms
  9 water moccasins
  32 orc warriors
  A sky beast (D:7)
  A swamp drake (Lair:5)
  7 ogres
  7 centaurs
  A black bear (Lair:2)
  9 wolves
  2 phantoms
  8 bullfrogs
  2 lemures (D:6)
  2 kobold brigands
  Blork the orc (D:5)
  3 scorpions (D:6)
  A spectral water moccasin (Lair:2)
  3 wights (D:8)
  A hornet simulacrum (D:15)
  35 killer bees
  2 electric eels
  17 jellies
  3 hounds
  31 orc priests
  A sleepcap (D:4)
  11 iguanas
  19 orc wizards
  A human simulacrum (D:10)
  Robin (D:2)
  8 gnolls
  5 adders
  A white imp (D:5)
  2 ufetubi
  A worm (D:2)
  2 dart slugs
  71 orcs
  4 bats
  9 endoplasms
  7 giant cockroaches
  18 goblins
  5 hobgoblins
  7 jackals
  2 quokkas
  7 ball pythons
  A frilled lizard (D:1)
  10 kobolds
  8 rats
674 creatures vanquished.

Vanquished Creatures (collateral kills)
  Gastronok (Lair:2)
  A boulder beetle (Lair:5)
  An ugly thing (D:12)
  3 black mambas
  A cane toad (Lair:2)
  2 komodo dragons
  A hornet (Lair:2)
  A dream sheep (Lair:3)
  A blink frog (Lair:5)
  A wyvern (Lair:3)
  14 yaks
  A hog (Lair:3)
  2 vampire mosquitoes (D:11)
  A water moccasin (Lair:5)
  A black bear (Lair:2)
  5 wolves
  A kobold brigand (D:12)
  2 bullfrogs (Lair:3)
  2 orc priests
  An orc wizard (D:10)
  An orc (D:9)
44 creatures vanquished.

Vanquished Creatures (others)
  3 orc knights
  An orc sorcerer (Orc:2)
  An ugly thing (D:14)
  An elephant (Lair:5)
  2 torpor snails (Lair:5)
  A rime drake (Lair:5)
  A bloated husk (Swamp:1)
  A hornet (Swamp:1)
  A spriggan (Swamp:1)
  2 humans (Lair:3)
  An iguana (Lair:5)
  An orc wizard (D:10)
  A human simulacrum (D:10)
  18 foxfires (Swamp:1)
  10 spectral weapons
45 creatures vanquished.

Grand Total: 763 creatures vanquished

Notes
Turn   | Place    | Note
-------+----------+-------------------------------------------
     0 | D:1      | AlmostDecent the Gnoll Ice Elementalist began the quest for
                  | the Orb.
     0 | D:1      | Reached XP level 1. HP: 13/13 MP: 6/6
   123 | D:1      | Reached XP level 2. HP: 10/19 MP: 3/7
   506 | D:1      | Reached skill level 5 in Spellcasting
   506 | D:1      | Reached XP level 3. HP: 25/25 MP: 6/9
   805 | D:2      | Learned a level 3 spell: Frozen Ramparts
   809 | D:2      | Learned a level 3 spell: Ozocubu's Armour
   901 | D:2      | Reached skill level 1 in Invocations
   995 | D:2      | Reached skill level 1 in Fighting
   995 | D:2      | Reached skill level 1 in Short Blades
   995 | D:2      | Reached skill level 1 in Long Blades
   995 | D:2      | Reached skill level 1 in Axes
   995 | D:2      | Reached skill level 1 in Maces & Flails
   995 | D:2      | Reached skill level 1 in Polearms
   995 | D:2      | Reached skill level 1 in Staves
   995 | D:2      | Reached skill level 1 in Ranged Weapons
   995 | D:2      | Reached skill level 1 in Throwing
   995 | D:2      | Reached skill level 1 in Armour
   995 | D:2      | Reached skill level 1 in Shields
   995 | D:2      | Reached skill level 1 in Unarmed Combat
   995 | D:2      | Reached skill level 1 in Evocations
  1212 | D:2      | Reached XP level 4. HP: 24/32 MP: 4/11
  1215 | D:2      | Reached skill level 1 in Conjurations
  1215 | D:2      | Reached skill level 1 in Hexes
  1215 | D:2      | Reached skill level 1 in Summonings
  1215 | D:2      | Reached skill level 1 in Necromancy
  1215 | D:2      | Reached skill level 1 in Translocations
  1215 | D:2      | Reached skill level 1 in Transmutations
  1215 | D:2      | Reached skill level 1 in Fire Magic
  1215 | D:2      | Reached skill level 1 in Air Magic
  1215 | D:2      | Reached skill level 1 in Earth Magic
  1215 | D:2      | Reached skill level 1 in Poison Magic
  1579 | D:2      | Noticed Robin
  1595 | D:2      | Killed Robin
  1596 | D:2      | Reached XP level 5. HP: 30/37 MP: 8/12
  2613 | D:3      | Noticed a phantom
  2655 | D:3      | Killed a phantom
  2656 | D:3      | Reached skill level 5 in Dodging
  2656 | D:3      | Reached XP level 6. HP: 10/44 MP: 10/14
  3039 | D:4      | Noticed a wyvern
  3044 | D:4      | Killed a wyvern
  3045 | D:4      | Reached XP level 7. HP: 31/50 MP: 8/15
  3149 | D:4      | Learned a level 4 spell: Summon Ice Beast
  3499 | D:4      | Found a hazy altar of Hepliaklqana.
  4254 | D:5      | Entered Level 5 of the Dungeon
  4271 | D:5      | Reached skill level 5 in Stealth
  4368 | D:5      | Noticed Blork the orc
  4375 | D:5      | Killed Blork the orc
  4387 | D:5      | Reached XP level 8. HP: 29/58 MP: 8/16
  4768 | D:5      | Got the Papyrus of Allies and Orientation
  5010 | D:5      | Found an ornate altar of the Wu Jian Council.
  5304 | D:6      | Found a shimmering blue altar of Sif Muna.
  5315 | D:6      | Found a staircase to the Ecumenical Temple.
  5356 | Temple   | Entered the Ecumenical Temple
  5525 | Temple   | Became a worshipper of Vehumet
  5670 | D:6      | Found a broken altar of Ashenzari.
  5983 | D:6      | Noticed Pikel
  5994 | D:6      | Killed Pikel
  5995 | D:6      | Reached XP level 9. HP: 30/65 MP: 12/18
  6503 | D:7      | Found a flagged portal.
  6511 | D:7      | Reached * piety under Vehumet
  6511 | D:7      | Offered knowledge of Magic Dart by Vehumet.
  6517 | D:7      | Reached skill level 5 in Invocations
  6531 | Bailey   | Entered a bailey
  6600 | Bailey   | HP: 2/66 [orc warrior/+0 glaive (17)]
  6862 | D:7      | Found an iron altar of Okawaru.
  7321 | D:7      | Identified the +2 pair of gloves of Death Resistance {rN+
                  | Str-2 Dex+6}
  7818 | D:8      | Reached skill level 5 in Fighting
  7818 | D:8      | Reached skill level 5 in Short Blades
  7818 | D:8      | Reached skill level 5 in Long Blades
  7818 | D:8      | Reached skill level 5 in Axes
  7818 | D:8      | Reached skill level 5 in Maces & Flails
  7818 | D:8      | Reached skill level 5 in Polearms
  7818 | D:8      | Reached skill level 5 in Staves
  7818 | D:8      | Reached skill level 5 in Ranged Weapons
  7818 | D:8      | Reached skill level 5 in Throwing
  7818 | D:8      | Reached skill level 5 in Armour
  7818 | D:8      | Reached skill level 5 in Shields
  7818 | D:8      | Reached skill level 5 in Unarmed Combat
  7818 | D:8      | Reached skill level 5 in Evocations
  7818 | D:8      | Reached XP level 10. HP: 69/74 MP: 14/20
  7953 | D:8      | Found a runed translucent gate.
  7953 | D:8      | Found a runed translucent gate.
  7954 | D:8      | Found a runed translucent gate.
  8091 | D:8      | Noticed Joseph
  8113 | D:8      | Killed Joseph
  8113 | D:8      | Offered knowledge of Momentum Strike by Vehumet.
  8324 | D:8      | Found a staircase to the Lair.
  8356 | D:8      | Reached ** piety under Vehumet
  8644 | D:8      | Found an opulent altar of Gozag.
  8853 | D:8      | Noticed Amaemon
  8853 | D:8      | Noticed an orange demon
  8864 | D:8      | Killed an orange demon
  8865 | D:8      | Killed Amaemon
  8967 | D:8      | Noticed Maurice
  9018 | D:8      | Killed Maurice
  9178 | D:8      | Noticed Wulfey's ghost (novice MiBe)
  9467 | D:9      | Found a glowing golden altar of the Shining One.
  9579 | D:9      | Found a snail-covered altar of Cheibriados.
  9706 | D:9      | Noticed a two-headed ogre
  9719 | D:9      | Killed a two-headed ogre
  9720 | D:9      | Reached skill level 5 in Conjurations
  9720 | D:9      | Reached skill level 5 in Hexes
  9720 | D:9      | Reached skill level 5 in Summonings
  9720 | D:9      | Reached skill level 5 in Necromancy
  9720 | D:9      | Reached skill level 5 in Translocations
  9720 | D:9      | Reached skill level 5 in Transmutations
  9720 | D:9      | Reached skill level 5 in Fire Magic
  9720 | D:9      | Reached skill level 5 in Air Magic
  9720 | D:9      | Reached skill level 5 in Earth Magic
  9720 | D:9      | Reached skill level 5 in Poison Magic
  9720 | D:9      | Reached XP level 11. HP: 81/81 MP: 17/22
 10057 | D:9      | Offered knowledge of Poisonous Vapours by Vehumet.
 10374 | D:10     | Entered Level 10 of the Dungeon
 10374 | D:10     | Found a blossoming altar of Fedhas.
 10391 | D:10     | Found a sparkling altar of Nemelex Xobeh.
 10398 | D:10     | Reached *** piety under Vehumet
 10570 | D:10     | Noticed Harold
 10587 | D:10     | Killed Harold
 10818 | D:10     | Noticed a two-headed ogre
 10832 | D:10     | Killed a two-headed ogre
 11151 | D:10     | Offered knowledge of Hailstorm by Vehumet.
 11445 | D:11     | Found a gate leading to a gauntlet.
 11454 | Gauntlet | Entered a Gauntlet
 11454 | Gauntlet | Noticed a worldbinder
 11454 | Gauntlet | Found a large runed translucent door.
 11454 | Gauntlet | Found a large runed translucent door.
 11454 | Gauntlet | Found a large runed translucent door.
 11454 | Gauntlet | Found a large runed translucent door.
 11454 | Gauntlet | Found a runed translucent door.
 11454 | Gauntlet | Found a large runed translucent door.
 11454 | Gauntlet | Found a large runed translucent door.
 11454 | Gauntlet | Found a transporter.
 11454 | Gauntlet | Found a large runed translucent door.
 11454 | Gauntlet | Found a large runed translucent door.
 11454 | Gauntlet | Found a runed translucent door.
 11454 | Gauntlet | Found a runed translucent gate.
 11454 | Gauntlet | Found a runed translucent door.
 11454 | Gauntlet | Found a runed translucent gate.
 11454 | Gauntlet | Found a transporter.
 11454 | Gauntlet | Found a transporter.
 11458 | Gauntlet | Found a runed translucent door.
 11458 | Gauntlet | Found a runed translucent gate.
 11459 | Gauntlet | Found a large runed translucent door.
 11459 | Gauntlet | Found a large runed translucent door.
 11459 | Gauntlet | Found a large runed translucent door.
 11459 | Gauntlet | Found a large runed translucent door.
 11460 | Gauntlet | Found a large runed translucent door.
 11460 | Gauntlet | Found a large runed translucent door.
 11461 | Gauntlet | Found a large runed translucent door.
 11461 | Gauntlet | Found a large runed translucent door.
 11476 | Gauntlet | Found a transporter.
 11486 | Gauntlet | Noticed a fire crab
 11488 | Gauntlet | Found a transporter.
 11489 | Gauntlet | Found a transporter.
 11501 | Gauntlet | Noticed a ghost crab
 11505 | Gauntlet | Found a transporter.
 11523 | Gauntlet | Noticed a quicksilver ooze
 11525 | Gauntlet | Found a transporter.
 11530 | Gauntlet | Found a transporter.
 11533 | Gauntlet | Found a transporter.
 11533 | Gauntlet | Noticed a fire crab
 11541 | Gauntlet | Found a transporter.
 11544 | Gauntlet | Found a transporter.
 11547 | Gauntlet | Noticed a catoblepas
 11672 | Gauntlet | Learned a level 3 spell: Stone Arrow
 11715 | Gauntlet | Noticed a naga warrior
 11718 | Gauntlet | Noticed a mana viper
 11993 | Gauntlet | Identified the +0 pair of boots of the Valley of Death
                  | {Dex+6 Stlth-}
 12074 | Gauntlet | Identified the amulet of Ohisku {-Tele rPois rF+ Regen+
                  | Int+2}
 12074 | Gauntlet | Noticed a minotaur
 12092 | Gauntlet | Killed a minotaur
 12365 | D:11     | Found a staircase to the Orcish Mines.
 12478 | D:11     | Reached XP level 12. HP: 85/91 MP: 21/24
 12731 | D:11     | Reached **** piety under Vehumet
 14002 | D:12     | Offered knowledge of Sticky Flame by Vehumet.
 14949 | Lair:1   | Entered Level 1 of the Lair of Beasts
 15070 | Lair:1   | You fall into a shaft and drop 1 floor!
 15398 | Lair:2   | Reached XP level 13. HP: 98/98 MP: 16/26
 15626 | Lair:2   | Reached skill level 10 in Ice Magic
 15694 | Lair:2   | Reached ***** piety under Vehumet
 15744 | Lair:2   | Noticed Gastronok
 15754 | Lair:2   | Killed Gastronok
 16191 | Lair:2   | Found a staircase to the Swamp.
 16963 | Lair:1   | Reached skill level 10 in Spellcasting
 18062 | Lair:3   | Reached skill level 10 in Dodging
 18180 | Lair:3   | Offered knowledge of Freezing Cloud by Vehumet.
 18198 | Lair:3   | Learned a level 5 spell: Freezing Cloud
 18520 | Lair:3   | Noticed Kirke
 18530 | Lair:3   | Killed Kirke
 18531 | Lair:3   | Reached skill level 10 in Stealth
 18569 | Lair:3   | Reached XP level 14. HP: 95/108 MP: 1/28
 18576 | Lair:3   | Reached skill level 10 in Invocations
 19275 | Lair:3   | Found a hole to the Spider Nest.
 20152 | Lair:4   | Found a staircase to the Slime Pits.
 20152 | Lair:4   | Found a viscous altar of Jiyva.
 20671 | Lair:5   | Entered Level 5 of the Lair of Beasts
 20978 | Lair:5   | Found a runed translucent gate.
 20978 | Lair:5   | Found a runed translucent gate.
 20978 | Lair:5   | Found a runed translucent gate.
 20980 | Lair:5   | Noticed Gadrel's ghost (journeyman DrDe)
 20981 | Lair:5   | Found the +8 trishula "Condemnation" {holy, anguish, *Noise
                  | Fly rN+}
 20998 | Lair:5   | Offered knowledge of Plasma Beam by Vehumet.
 21162 | Lair:5   | Killed Gadrel's ghost
 21176 | Lair:5   | Identified the +0 broad axe of Fragile Peace {drain, rElec
                  | rN+ Str+2 Int+3}
 21354 | Lair:5   | Found a runed translucent door.
 21354 | Lair:5   | Noticed Urug
 21361 | Lair:5   | Learned a level 5 spell: Irradiate
 21384 | Lair:5   | Killed Urug
 21500 | Lair:5   | Reached skill level 10 in Fighting
 21500 | Lair:5   | Reached skill level 10 in Short Blades
 21500 | Lair:5   | Reached skill level 10 in Long Blades
 21500 | Lair:5   | Reached skill level 10 in Axes
 21500 | Lair:5   | Reached skill level 10 in Maces & Flails
 21500 | Lair:5   | Reached skill level 10 in Polearms
 21500 | Lair:5   | Reached skill level 10 in Staves
 21500 | Lair:5   | Reached skill level 10 in Ranged Weapons
 21500 | Lair:5   | Reached skill level 10 in Throwing
 21500 | Lair:5   | Reached skill level 10 in Armour
 21500 | Lair:5   | Reached skill level 10 in Shields
 21500 | Lair:5   | Reached skill level 10 in Unarmed Combat
 21500 | Lair:5   | Reached skill level 10 in Evocations
 21655 | Lair:5   | Reached XP level 15. HP: 98/115 MP: 25/30
 22371 | Lair:5   | Noticed Snorg
 22380 | Lair:5   | Killed Snorg
 22959 | Orc:1    | Entered Level 1 of the Orcish Mines
 23024 | Orc:2    | Entered Level 2 of the Orcish Mines
 23032 | Orc:2    | Learned a level 6 spell: Plasma Beam
 23489 | Orc:2    | Found a staircase to the Elven Halls.
 23786 | Orc:2    | Found Laiwn's Magic Scroll Shop.
 23797 | Orc:2    | Found Huraoshre's Magic Scroll Boutique.
 23856 | Orc:2    | Bought a scroll of acquirement for 572 gold pieces
 24186 | Orc:2    | Reached ****** piety under Vehumet
 24452 | Orc:2    | Found Ylom's Antique Armour Emporium.
 24452 | Orc:2    | Found Lurair's Book Shoppe.
 24452 | Orc:2    | Found a one-way gate leading to the halls of Pandemonium.
 24456 | Orc:2    | Bought a masterwork scale mail for 333 gold pieces
 24456 | Orc:2    | Identified the +1 scale mail of the Ward {rN+ rCorr} (You
                  | bought it in a shop on level 2 of the Orcish Mines)
 24464 | Orc:2    | Acquired 976 gold pieces
 24466 | Orc:2    | Bought the Unrestrained Analects for 598 gold pieces
 24466 | Orc:2    | Bought a Trismegistus Codex for 338 gold pieces
 24471 | Orc:2    | Learned a level 4 spell: Olgreb's Toxic Radiance
 24475 | Orc:2    | Learned a level 3 spell: Ignite Poison
 24608 | Orc:2    | Offered knowledge of Fireball by Vehumet.
 25184 | Orc:1    | Found Dila's Antique Weapon Shoppe.
 25477 | D:13     | Identified the +1 ring mail of the Learner {rC+}
 26398 | D:14     | Noticed Agnes
 26406 | D:14     | Killed Agnes
 26602 | D:14     | Found a bloodstained altar of Trog.
 26726 | D:14     | Noticed Frances
 26735 | D:14     | Killed Frances
 26736 | D:14     | Reached XP level 16. HP: 54/124 MP: 27/32
 26798 | D:14     | Found Wuiteb's Magic Scroll Emporium.
 26887 | D:14     | Noticed Jorgrun
 26899 | D:14     | Killed Jorgrun
 27164 | D:14     | Found a gate to the Vaults.
 27487 | D:15     | Entered Level 15 of the Dungeon
 27497 | D:15     | Found Ylycal's Book Shoppe.
 27502 | D:15     | Bought a manual of Armour for 1360 gold pieces
 27525 | D:15     | Noticed Rupert
 27533 | D:15     | Killed Rupert
 27542 | D:15     | Offered knowledge of Ozocubu's Refrigeration by Vehumet.
 27953 | D:15     | Found a stormy altar of Qazlal.
 28004 | D:15     | Found a staircase to the Depths.
 28125 | D:15     | Found Oguc's Magic Scroll Emporium.
 28130 | D:15     | Bought a scroll of magic mapping for 135 gold pieces
 28317 | D:15     | Found Huph's Book Emporium.
 28946 | Swamp:1  | Entered Level 1 of the Swamp
 28974 | Swamp:1  | Killed by an exploding bloated husk

Illustrated notes

Levels and vault maps discovered:
D:1:      lightli_arrival_maybe_door_vault, layout_loops_ring
D:2:      layout_loops_ring, uniq_robin
D:3:      layout_loops_corners
D:4:      layout_basic, nzn_hepliaklqana_mist_gate
D:5:      layout_loops_ring, nicolae_wu_jian_immortal_techniques,
          grunt_decor_clamped, uniq_blork_the_orc
D:6:      layout_rooms, ashenzari_altar_1, mainiacjoe_overflow_tiny_flanked,
          minmay_temple_entry_waves, uniq_pikel
D:7:      layout_loops_ring, mainiacjoe_overflow_boulevard, enter_bailey_3,
          wad_floor_pattern_untrapped, reono_crystal_passage, kennysheep_nub,
          kennysheep_generic_room_8
D:8:      layout_basic, mainiacjoe_overflow_brackets, lair_entry_dummy,
          gammafunk_ghost_spectres, uniq_maurice, uniq_amaemon, uniq_joseph
D:9:      layout_basic, cheibriados_altar_1, nicolae_tso_swordbearing_angel
D:10:     layout_loops_ring, nemelex_xobeh_ov_fountains_minmay, fedhas_altar_2,
          bh_circular_ruins, uniq_harold
D:11:     layout_long_grid, orc_0_dummy, gauntlet_entry_generic
D:12:     layout_stronghold
D:13:     layout_loops_ring
D:14:     layout_small_grid, skrybe_vaults_entry_preservation, serial_shops,
          shop, trog_butcher_becter, uniq_jorgrun, uniq_frances, uniq_agnes
D:15:     grunt_enter_depths_magical_seal, layout_layer_cave, serial_shops,
          shop, shop, nicolae_shop_rolled_up, nicolae_qazlal_scattered_showers,
          uniq_rupert
Temple:   hellmonk_temple_flake
Lair:1:   layout_chaotic_city
Lair:2:   cheibrodos_lair_overgrown_chateau, layout_misc_corridors,
          nicolae_swamp_entry_spooky, worms_lemuel, grunt_megastairs_2,
          serial_bayou_shore_a, uniq_gastronok
Lair:3:   nzn_winding_woodlands_cross [nzn_winding_woodlands_5x15_parted,
          nzn_winding_woodlands_5x15_sawtooth,
          nzn_winding_woodlands_5x15_river_crossing,
          nzn_winding_woodlands_5x15_cabin,
          nzn_winding_woodlands_15x15_thick_spiral], layout_long_grid,
          hellmonk_spider_entry_life_and_decay, beast_lair_carwin_2, uniq_kirke
Lair:4:   layout_misc_corridors, minmay_slime_entry_jelly_boxes
Lair:5:   guppyfry_lair_end_dragon, layout_regular_city, wormcave,
          gammafunk_ghost_hydra_chop, grunt_megastairs_1, lemuel_fruit_tree,
          uniq_urug, uniq_snorg
Swamp:1:  layout_basic_swamp, nicolae_swamp_rocky_clearing
Orc:1:    layout_diamond_mine, serial_shops, nicolae_shop_crystal, basic_altar
Orc:2:    pf_orc_diabolical, layout_diamond_mine

Skill      XL: |  1  2  3  4  5  6  7  8  9 10 11 12 13 14 15 16 |
---------------+-------------------------------------------------+-----
Spellcasting   | 5 6 7 8 9 10 11 12 | 12.5
Invocations    | 1 2 3 4 5 6 7 8 9 10 11 12 | 12.5
Fighting       | 1 2 3 4 5 6 7 8 9 10 11 | 11.5
Short Blades   | 1 2 3 4 5 6 7 8 9 10 11 | 11.5
Long Blades    | 1 2 3 4 5 6 7 8 9 10 11 | 11.5
Axes           | 1 2 3 4 5 6 7 8 9 10 11 | 11.5
Maces & Flails | 1 2 3 4 5 6 7 8 9 10 11 | 11.5
Polearms       | 1 2 3 4 5 6 7 8 9 10 11 | 11.5
Staves         | 1 2 3 4 5 6 7 8 9 10 11 | 11.5
Ranged Weapons | 1 2 3 4 5 6 7 8 9 10 11 | 11.5
Throwing       | 1 2 3 4 5 6 7 8 9 10 11 | 11.5
Armour         | 1 2 3 4 5 6 7 8 9 10 11 | 11.9
Shields        | 1 2 3 4 5 6 7 8 9 10 11 | 11.5
Unarmed Combat | 1 2 3 4 5 6 7 8 9 10 11 | 11.5
Evocations     | 1 2 3 4 5 6 7 8 9 10 11 | 11.5
Conjurations   | 1 2 3 4 5 6 7 8 9 |  9.7
Hexes          | 1 2 3 4 5 6 7 8 9 |  9.7
Summonings     | 1 2 3 4 5 6 7 8 9 |  9.7
Necromancy     | 1 2 3 4 5 6 7 8 9 |  9.7
Translocations | 1 2 3 4 5 6 7 8 9 |  9.7
Transmutations | 1 2 3 4 5 6 7 8 9 |  9.7
Fire Magic     | 1 2 3 4 5 6 7 8 9 |  9.7
Air Magic      | 1 2 3 4 5 6 7 8 9 |  9.7
Earth Magic    | 1 2 3 4 5 6 7 8 9 |  9.7
Poison Magic   | 1 2 3 4 5 6 7 8 9 |  9.7
Dodging        | 5 6 7 8 9 10 11 12 | 12.4
Stealth        | 5 6 7 8 9 10 11 12 | 12.2
Ice Magic      | 8 9 10 11 12 | 12.0

Action                     |  1- 3 |  4- 6 |  7- 9 | 10-12 | 13-15 | 16-18 || total
---------------------------+-------+-------+-------+-------+-------+-------++-------
  Melee: Unarmed           |    10 |     9 |       |       |       |       ||    19
         Dagger            |       |    37 |       |       |       |       ||    37
         Bite              |       |     2 |    16 |    41 |    50 |    15 ||   124
         Short sword       |       |     7 |   146 |     9 |       |       ||   162
         Punch             |       |       |     3 |       |       |       ||     3
         Quarterstaff      |       |       |       |   241 |   147 |       ||   388
         Trishula          |       |       |       |       |   244 |   111 ||   355
   Cast: Freeze            |    47 |    26 |     3 |       |       |       ||    76
         Frozen Ramparts   |     1 |    10 |    46 |    65 |    50 |    13 ||   185
         Ozocubu's Armour  |       |     8 |    14 |    40 |    24 |     4 ||    90
         Summon Ice Beast  |       |       |     1 |    22 |    34 |     2 ||    59
         Stone Arrow       |       |       |       |    20 |   134 |     9 ||   163
         Freezing Cloud    |       |       |       |       |   128 |    33 ||   161
         Olgreb's Toxic Ra |       |       |       |       |    16 |     1 ||    17
         Ignite Poison     |       |       |       |       |     4 |       ||     4
    Use: Potion            |       |     1 |     1 |     3 |    10 |     4 ||    19
         Scroll            |       |       |    16 |     7 |    11 |     1 ||    35
   Stab: Sleeping          |     1 |       |       |       |       |       ||     1
         Distracted        |       |       |       |     4 |     6 |     1 ||    11
 Armour: Robe              |     8 |     9 |    37 |     6 |       |       ||    60
         Leather armour    |       |       |       |   120 |   100 |    13 ||   233
  Dodge: Dodged            |    26 |    41 |   134 |   232 |   231 |    42 ||   706
  Block: Other             |       |       |       |    35 |    40 |       ||    75
         Reflection        |       |       |       |     1 |     3 |     4 ||     8
         Buckler           |       |       |       |       |    60 |    29 ||    89
